 Dungeon Crawl Stone Soup version 0.31-a0-986-g5e6e4ef867 (webtiles) character file.

Game seed: 7052531165662061880

1061 AppTheSpectato the Trooper (level 8, -7/53 HPs)
             Began as a Gargoyle Gladiator on Nov 9, 2023.
             Was a Believer of Okawaru.
             Mangled by a troll (8 damage)
             ... on level 6 of the Dungeon.
             The game lasted 00:11:46 (4562 turns).

AppTheSpectato the Trooper (Gargoyle Gladiator)     Turns: 4562, Time: 00:11:47

Health: -7/53      AC: 21    Str: 20    XL:     8   Next: 27%
Magic:  0/9        EV: 10    Int:  9    God:    Okawaru [**....]
Gold:   203        SH:  0    Dex: 11    Spells: 7/7 levels left

rFire   . . .        d - +2 quarterstaff (chaos)
rCold   . . .        (shield currently unavailable)
rNeg    + . .        o - +0 scale mail
rPois   ∞            c - +0 helmet
rElec   +            q - +0 cloak
rCorr   .            (no gloves)
SInv    .            (no boots)
Will    .....        b - amulet of guardian spirit Stlth
                     j - +4 ring of protection
HPRegen 0.28/turn    v - +4 ring of protection
MPRegen 0.11/turn

%: guardian spirit
@: invisible
A: sickness immunity, AC +5, negative energy resistance 1, electricity
resistance, torment resistance 1, petrification resistance
a: Renounce Religion, Heroism


You were on level 6 of the Dungeon.
You worshipped Okawaru.
Okawaru was pleased with you.
You visited 1 branch of the dungeon, and saw 6 of its levels.

You collected 203 gold pieces.

Inventory:

Hand Weapons
 a - a +0 quarterstaff
 d - a +2 quarterstaff of chaos (weapon)
Missiles
 e - a javelin
 y - 3 throwing nets
Armour
 c - a +0 helmet (worn)
 o - a +0 scale mail (worn)
 q - a +0 cloak (worn)
Jewellery
 b - an amulet of guardian spirit (around neck)
 j - a +4 ring of protection (left hand)
 v - a +4 ring of protection (right hand)
 w - an amulet of regeneration
Wands
 r - a wand of flame (5)
Scrolls
 f - 3 scrolls of poison {unknown}
 i - a scroll of identify
 k - 2 scrolls of fog {unknown}
 l - 2 scrolls of revelation {unknown}
 s - 3 scrolls of teleportation {unknown}
 t - a scroll of torment {unknown}
 x - a scroll of noise {unknown}
 B - 2 scrolls of amnesia {unknown}
Potions
 g - 2 potions of curing
 h - 2 potions of heal wounds {unknown}
 m - a potion of degeneration
 p - a potion of brilliance
 u - a potion of lignification {unknown}
 z - a potion of ambrosia {unknown}
 A - a potion of might {unknown}
 C - a potion of resistance
 D - a potion of haste {unknown}
 E - a potion of attraction {unknown}


   Skills:
 + Level 7.4 Fighting
 + Level 7.1 Staves
 - Level 2.0 Throwing
 - Level 2.4 Dodging
 - Level 2.0 Invocations


You had 7 spell levels left.
You didn't know any spells.
Your spell library contained the following spells:

 Spells                   Type           Power      Damage    Failure   Level
 Wereblood                Tmut           0%         N/A       88%         2
 Sublimation of Blood     Necr           Unusable   N/A       N/A         2
 Summon Hydra             Summ           Unusable   N/A       N/A         7

Dungeon Overview and Level Annotations

Branches:
Dungeon (6/15)
 Temple: D:4-7

Altars:
Ashenzari
Dithmenos
Kikubaaqudgha
Okawaru
The Shining One

Shops:
D:4 :


Innate Abilities, Weirdness & Mutations

You are immune to sickness and miasma.
Your stone body is resilient. (AC +5)
You are immune to poison.
You resist negative energy. (rN+)
You are resistant to electric shocks. (rElec)
You are resistant to unholy torment.
You are immune to petrification.


Message History

There is an open door here.
You see here a scorpion corpse.
Things that are here:
a +0 short sword; a scorpion corpse; an orc corpse
There is an open door here.
There is a stone staircase leading down here.
You climb downwards.
Found a dark potion.
There is a stone staircase leading up here.
A troll comes into view.
The troll shouts!
Found a glass ring and 3 stones.
You thump the troll!
The troll is moderately wounded.
The troll bites you but does no damage. The troll claws you. x2
You closely miss the troll.
The troll is moderately wounded.
You hit the troll.
The troll seems to grow stronger.
The troll is moderately wounded.
The troll misses you. The troll claws you! The troll claws you.
You barely miss the troll.
The troll is moderately wounded.
The troll barely misses you. The troll claws you but does no damage.
The troll claws you.
You closely miss the troll.
The troll is moderately wounded.
The troll bites you. The troll closely misses you.
The troll claws you but does no damage.
You barely miss the troll.
The troll is moderately wounded.
The troll bites you!!
* * * LOW HITPOINT WARNING * * *
The troll claws you!
* * * LOW HITPOINT WARNING * * *
The troll claws you but does no damage.
Okay, then.
Okay, then.
You fade into invisibility!
The troll barely misses you. The troll claws you!
You die...

#...# #.
#...# ...
....# (...
#...#
#...##...#
...=.!...#
.......T.#
#.. #.@.#
##...##...#
..........#
..........#
##...##..<#
#... #...#
.... #...#
... #...# #
.....


You could see a troll (strong, unable to see you).

Vanquished Creatures
  A sky beast (D:5)
  A black bear (D:5)
  4 scorpions
  A howler monkey (D:5)
  2 orc priests (D:4)
  A hound (D:5)
  Crazy Yiuf (D:3)
  A sleepcap (D:4)
  Jessica (D:2)
  Natasha (thrice) (D:2)
  Terence (D:2)
  3 orc wizards
  3 gnolls (D:5)
  9 adders
  An ufetubus (D:5)
  A worm (D:4)
  4 dart slugs
  15 orcs
  6 endoplasms
  6 giant cockroaches
  8 hobgoblins
  3 jackals
  4 quokkas
  3 ball pythons
  3 bats
  7 frilled lizards
  6 goblins
  5 kobolds
  4 rats
108 creatures vanquished.

Notes
Turn   | Place    | Note
-------+----------+-------------------------------------------
     0 | D:1      | AppTheSpectato the Gargoyle Gladiator began the quest for
                  | the Orb.
     0 | D:1      | Reached XP level 1. HP: 12/12 MP: 1/1
   220 | D:1      | Reached XP level 2. HP: 18/18 MP: 2/2
   488 | D:1      | Found a faded altar of an unknown god.
   506 | D:1      | Reached XP level 3. HP: 23/23 MP: 3/3
   507 | D:1      | Prayed at the altar of an unknown god.
   507 | D:1      | Became a worshipper of Warmaster Okawaru
   507 | D:1      | Reached * piety under Okawaru
   993 | D:2      | Noticed Terence
   994 | D:2      | Noticed Natasha
  1003 | D:2      | Killed Terence
  1004 | D:2      | Reached XP level 4. HP: 20/29 MP: 2/4
  1008 | D:2      | Killed Natasha
  1042 | D:2      | Noticed Natasha
  1047 | D:2      | Killed Natasha
  1048 | D:2      | Reached XP level 5. HP: 33/33 MP: 5/5
  1393 | D:2      | Noticed Natasha
  1399 | D:2      | Killed Natasha
  1745 | D:2      | Noticed Jessica
  1748 | D:2      | Killed Jessica
  1996 | D:3      | Found a glowing golden altar of the Shining One.
  2039 | D:3      | Reached XP level 6. HP: 40/40 MP: 6/6
  2044 | D:3      | Reached skill level 5 in Staves
  2209 | D:3      | Reached skill level 5 in Fighting
  2586 | D:3      | Found a runed translucent door.
  2587 | D:3      | Noticed Crazy Yiuf
  2609 | D:3      | Killed Crazy Yiuf
  2842 | D:4      | Reached ** piety under Okawaru
  2914 | D:4      | Found Cienio Lola's Book Boutique.
  2978 | D:4      | Reached XP level 7. HP: 44/45 MP: 7/7
  3131 | D:4      | Found a shadowy altar of Dithmenos.
  3291 | D:4      | Found a broken altar of Ashenzari.
  3336 | D:4      | Found an ancient bone altar of Kikubaaqudgha.
  3635 | D:4      | Reached skill level 1 in Invocations
  3723 | D:5      | Entered Level 5 of the Dungeon
  3992 | D:5      | Reached XP level 8. HP: 47/52 MP: 9/9
  4552 | D:6      | Noticed a troll
  4561 | D:6      | HP: 1/53 [troll (11)]
  4562 | D:6      | Mangled by a troll

Illustrated notes

Levels and vault maps discovered:
D:1:      lightli_arrival_quake, layout_basic, ebering_ecumenical_altar_mist
D:2:      kennysheep_big_flooded_room, layout_basic, serial_glass,
          glass_columns_b, glass_columns_a, due_unseen_surprise,
          feat_on_display, minmay_strange_pillars, feat_on_display,
          chequers_serial_rivers_small_3, uniq_natasha, uniq_terence,
          uniq_jessica
D:3:      layout_basic, tso_metal_star, uniq_crazy_yiuf_cottage
D:4:      layout_basic, mainiacjoe_overflow_24_doors, overflow_temple_1_default,
          ashenzari_conservatory_becter, serial_shops, nicolae_square_shop
D:5:      minmay_opposing_rooms, layout_basic, lemuel_flamethrower_2
D:6:      layout_gridville, mainiacjoe_overflow_paths, fedhas_altar_4,
          uniq_edmund

Skill      XL: |  1  2  3  4  5  6  7  8 |
---------------+-------------------------+-----
Throwing       | 2 |  2.0
Fighting       | 3 4 5 6 7 |  7.4
Staves         | 4 5 6 7 |  7.1
Invocations    | 2 |  2.0
Dodging        | |  2.4

Action                     |  1- 3 |  4- 6 |  7- 9 || total
---------------------------+-------+-------+-------++-------
  Melee: Quarterstaff      |    88 |   126 |   113 ||   327
  Throw: Throwing net      |       |     3 |       ||     3
  Evoke: Wand              |       |     2 |       ||     2
    Use: Scroll            |       |       |     5 ||     5
         Potion            |       |       |     1 ||     1
 Armour: Leather armour    |    35 |       |       ||    35
         Ring mail         |    13 |       |       ||    13
         Scale mail        |     8 |    87 |    91 ||   186
  Dodge: Dodged            |    51 |    53 |    40 ||   144

Table legend: (Time is in decaauts)
 A = Elapsed time spent in this place.
 B = Non-inter-level travel time spent in this place.
 C = Inter-level travel time spent in this place.
 D = Time resting spent in this place.
 E = Time spent auto-exploring this place.
 F = Levels seen in this place.
 G = Mean time per level.
                   A        B        C        D        E       F      G
               +--------+--------+--------+--------+--------+-----+--------+
         Total |   4583 |   4284 |    299 |     67 |   3425 |   6 |  763.8 |
       Dungeon |   4583 |   4284 |    299 |     67 |   3425 |   6 |  763.8 |
               +--------+--------+--------+--------+--------+-----+--------+

Top non-repeatable levels by time:
     D:3: 1031 daAuts
     D:2: 960 daAuts
     D:4: 911 daAuts
     D:1: 842 daAuts
     D:5: 825 daAuts
     D:6: 11 daAuts
